 Dungeon Crawl Stone Soup version 0.27.1-35-g4d5d836560 (webtiles) character file.

Game seed: 13554158774973326467

79 Delamore the Sneak (level 4, -3/29 HPs)
             Began as an Octopode Brigand on Mar 14, 2022.
             Slain by an orc (5 damage)
             ... on level 3 of the Dungeon.
             The game lasted 00:01:37 (1502 turns).

Delamore the Sneak (Octopode Brigand)               Turns: 1502, Time: 00:01:37

Health: -3/29      AC:  1    Str: 10    XL:     4   Next: 38%
Magic:  4/4        EV: 12    Int: 13    God:
Gold:   82         SH:  0    Dex: 14    Spells: 3/3 levels left

rFire    . . .     SeeInvis .   a - +2 dagger
rCold    . . .     Faith    .   (no shield)
rNeg     . . .     Spirit   .   (helmet restricted)
rPois    .         Reflect  .   e - amulet of regeneration
rElec    .         Harm     .   (no ring)
rCorr    .         Rampage  .   (no ring)
Will     .....                  (no ring)
Stlth    ++++......             (no ring)
HPRegen  1.09/turn              (no ring)
MPRegen  0.09/turn              (no ring)
                                (no ring)
                                (no ring)

@: no status effects
A: almost no armour, amphibious, 8 rings, camouflage 1, gelatinous body 1,
(nimble swimmer 1), tentacles
a: no special abilities


You were on level 3 of the Dungeon.
You visited 1 branch of the dungeon, and saw 3 of its levels.

You collected 82 gold pieces.

Inventory:

Hand Weapons
 a - a +2 dagger (weapon)
Missiles
 b - 42 poisoned darts (quivered)
 c - 2 curare-tipped darts
Jewellery
 e - an amulet of regeneration (around mantle)
Scrolls
 f - a scroll of teleportation {unknown}
 g - a scroll of vulnerability {unknown}
 h - a scroll of noise {unknown}
Potions
 d - a potion of mutation {unknown}
 i - a potion of heal wounds {unknown}
 j - a potion of brilliance {unknown}


   Skills:
 - Level 2.0 Fighting
 + Level 3.0 Short Blades
 - Level 2.0 Throwing
 - Level 1.0 Dodging
 * Level 7.2 Stealth


You had 3 spell levels left.
You didn't know any spells.
Your spell library contained the following spells:

 Spells                   Type           Power      Damage    Failure   Level
 Call Canine Familiar     Summ           0%         N/A       67%         3
 Portal Projectile        Hex/Tloc       0%         N/A       67%         3
 Leda's Liquefaction      Hex/Erth       0%         N/A       97%         4


Dungeon Overview and Level Annotations

Branches:
Dungeon (3/15)

Altars:

Shops:
D:2 [


Innate Abilities, Weirdness & Mutations

You cannot wear most types of armour.
You are amphibious.
You can wear up to eight rings at the same time.
Your skin changes colour to match your surroundings (Stealth+).
Your rubbery body absorbs attacks. (AC +1, EV +1)
((You are camouflaged near water. (Stealth+)))
You have tentacles for arms and can constrict up to eight enemies at once.


Message History

You are too injured to fight recklessly!
You are too injured to fight recklessly!
You are too injured to fight recklessly!
You are too injured to fight recklessly!
You are too injured to fight recklessly!
You are too injured to fight recklessly!
You are too injured to fight recklessly!
You are too injured to fight recklessly!
You are too injured to fight recklessly!
You are too injured to fight recklessly!
You are too injured to fight recklessly!
You are too injured to fight recklessly!
You are too injured to fight recklessly!
You release your grip on the orc.
The orc hits you with a +0 short sword. The orc hits you with a +0 hand axe.
* * * LOW HITPOINT WARNING * * *
The orc priest closely misses you.
Things that are here:
a +0 hand axe; 5 boomerangs You barely miss the orc priest.
Your grab misses the orc priest. The orc hits you with a +0 short sword.
* * * LOW HITPOINT WARNING * * *
The orc closely misses you.
The orc priest miscasts a cantrip.
You closely miss the orc priest. You grab the orc priest.
You constrict the orc priest. The orc closely misses you.
The orc barely misses you.
You hit the orc priest.
The orc priest is moderately wounded.
You constrict the orc priest.
The orc priest invokes the aid of Beogh against you.
Pain shoots through your body!
* * * LOW HITPOINT WARNING * * *
The orc closely misses you.
You barely miss the orc priest. You squeeze the orc priest.
The orc priest is heavily wounded.
You constrict the orc priest. The orc hits you with a +0 hand axe.
* * * LOW HITPOINT WARNING * * *
The orc priest barely misses you. The orc hits you with a +0 short sword.
You die...

.......# . .. ...)
......###.. .........
..o....... #..........
#......... #......##.####
#.).......
#............####.........
#............##....)......
#.....#.......#o#!...#####
#............o@o.........
#.........†.########......
###...........# ......
..............# ⌠.....
........#####.# ......
....###.......# ....#
#######†......#
..............#
#........#....#


You could see an orc priest and 2 orcs.

Vanquished Creatures
  An orc wizard (D:3)
  An adder (D:2)
  A dart slug (D:2)
  An orc (D:3)
  3 ball pythons
  8 bats
  3 endoplasms
  A giant cockroach (D:1)
  8 hobgoblins
  A quokka (D:2)
  3 frilled lizards
  3 goblins
  3 kobolds
  2 rats (D:2)
39 creatures vanquished.

Notes
Turn   | Place    | Note
-------+----------+-------------------------------------------
     0 | D:1      | Delamore the Octopode Brigand began the quest for the Orb.
     0 | D:1      | Reached XP level 1. HP: 14/14 MP: 1/1
   124 | D:1      | Reached XP level 2. HP: 19/19 MP: 2/2
   243 | D:1      | Reached skill level 6 in Stealth
   508 | D:2      | Reached XP level 3. HP: 24/24 MP: 3/3
   579 | D:2      | Found a faded altar of an unknown god.
   664 | D:2      | Found Uficrer's Armour Emporium.
  1471 | D:3      | Reached skill level 7 in Stealth
  1471 | D:3      | Reached XP level 4. HP: 22/29 MP: 4/4
  1502 | D:3      | Slain by an orc

Illustrated notes

Levels and vault maps discovered:
D:1:      dpeg_arrival_windows_large_door, layout_basic,
          hangedman_decor_clover_reticule, minmay_tromino_v4_b
D:2:      layout_basic, chequers_ecumenical_altar_simple, serial_shops,
          nicolae_shop_temple_entry_statues_fountains, dk_vineyard_3,
          grunt_ministairs_14
D:3:      layout_basic, kiku_gazebo_pond_becter, minitemple, eino_curves_04

Skill      XL: |  1  2  3 |
---------------+----------+-----
Stealth        | 6 7 |  7.2
Short Blades   | 3 |  3.0
Fighting       | |  2.0
Throwing       | |  2.0
Dodging        | |  1.0

Action                   |  1- 3 |  4- 6 || total
-------------------------+-------+-------++-------
Melee: Dagger            |    60 |    10 ||    70
       Constrict         |    15 |     4 ||    19
       Tentacles         |     6 |     2 ||     8
 Stab: Sleeping          |    19 |       ||    19
Armor: Skin              |     6 |       ||     6
Dodge: Dodged            |    21 |     7 ||    28
